 Dungeon Crawl Stone Soup version 0.23-a0-402-g64599a1 (webtiles) character file.

158 ozpin88 the Skirmisher (level 5, -2/51 HPs)
             Began as a Gargoyle Berserker on Nov 5, 2018.
             Was a Believer of Trog.
             Slain by a jelly (3 damage)
             ... on level 2 of the Dungeon.
             The game lasted 00:06:39 (1735 turns).

ozpin88 the Skirmisher (Gargoyle Berserker)         Turns: 1735, Time: 00:06:39

Health: -2/51      AC: -4    Str: 27    XL:     5   Next: 40%
Magic:  5/5        EV: 11    Int:  7    God:    Trog [**....]
Gold:   93         SH:  0    Dex:  9    Spells: 4/4 levels left

rFire    . . .     SeeInvis .   p - +0 hand axe
rCold    . . .     Gourm    .   (no shield)
rNeg     + . .     Faith    +   q - -2 ring mail (curse)
rPois    ∞         Spirit   .   (no helmet)
rElec    +         Reflect  .   (no cloak)
rCorr    .         Harm     .   (no gloves)
MR       .....                  (no boots)
Stlth    ..........             s - amulet of faith
HPRegen  0.17/turn              (no ring)
MPRegen  0.09/turn              (no ring)

@: berserking (expiring), corroded, very quick
A: negative energy resistance 1, electricity resistance, unbreathing,
petrification resistance, rot immunity, AC +4
a: Berserk, Trog's Hand, Renounce Religion


You were on level 2 of the Dungeon.
You worshipped Trog.
Trog was pleased with you.
You were not hungry.

You visited 1 branch of the dungeon, and saw 2 of its levels.

You collected 93 gold pieces.

Inventory:

Hand Weapons
 a - a +0 mace
 p - a +0 hand axe (weapon)
Armour
 q - a cursed -2 ring mail (worn)
Jewellery
 s - an amulet of faith (around neck)
Wands
 r - a wand of iceblast (11)
Scrolls
 b - a scroll of immolation {unknown}
 f - a scroll of fear {unknown}
 g - a scroll of noise {unknown}
 h - a scroll of fog {unknown}
 i - 4 scrolls of remove curse {unknown}
 k - 2 scrolls of enchant armour {unknown}
 l - a scroll of identify {unknown}
 n - a scroll of enchant weapon {unknown}
 t - a scroll of magic mapping {unknown}
Potions
 d - 2 potions of lignification {unknown}
 e - a potion of haste {unknown}
 j - a potion of cancellation {unknown}
 m - a potion of magic {unknown}
 o - a potion of curing
Comestibles
 c - 3 rations


   Skills:
 + Level 4.5 Fighting
 + Level 2.0(3.0) Axes
 + Level 3.7(4.1) Maces & Flails
 + Level 2.4 Armour
 + Level 2.2 Dodging
 + Level 0.2 Stealth


You had 4 spell levels left.
You didn't know any spells.
Your spell library was empty.

Dungeon Overview and Level Annotations

Branches:
Dungeon (2/15)

Altars:
Nemelex Xobeh


Innate Abilities, Weirdness & Mutations

You are resistant to torment.
Your stone body is resilient. (AC +4)
You are immune to poison.
You resist negative energy. (rN+)
You are resistant to electric shocks. (rElec)
You can survive without breathing.
You are immune to petrification.
You are immune to rotting.


Message History

You hit the ooze but do no damage.
The ooze is heavily wounded.
The ooze closely misses you.
You hit the ooze but do no damage.
The ooze is heavily wounded.
The ooze hits you.
* * * LOW HITPOINT WARNING * * *
You slash the ooze!
You kill the ooze!
Trog accepts your kill.
Calm down first, please.
Okay, then.
You hit the jelly.
Your hands burn!
* * * LOW HITPOINT WARNING * * *
The jelly is lightly wounded.
You hit the jelly but do no damage. The acid corrodes you!
Your hands burn!
* * * LOW HITPOINT WARNING * * *
The jelly is lightly wounded.
The jelly hits you.
You die...

#...# #...########### #.# ####
#...# ######## #.###### ###.#
#######(##.....$##.......
###(#####....#.#.#P÷PP..#########
#..)).##.....#.#.#.÷÷...##..[..>#
#.##()'......#'#.#JPJ...##.......
#. #..'........#)#JJJ..÷##....#.#
# ##.'........#.#PPP...##.......
#.##.......#@#......##....#..
#####......##JJ.....##....#..
##########J.÷...###...### .
#########...... # ######...####
#...........# #.###.......#
#.#.#.......# #.#.#.......#


You could see a jelly and 2 oozes.

Vanquished Creatures
  2 jellies (D:2)
  3 adders (D:2)
  A gnoll (D:1)
  4 oozes
  2 worms (D:2)
  A leopard gecko (D:1)
  7 goblins
  4 hobgoblins
  3 jackals (D:2)
  A bat (D:1)
  4 frilled lizards
  9 kobolds
  A leopard gecko zombie (D:2)
42 creatures vanquished.

Vanquished Creatures (others)
  4 fungi (D:2)
  8 toadstools (D:2)
12 creatures vanquished.

Grand Total: 54 creatures vanquished

Notes
Turn   | Place    | Note
-------+----------+-------------------------------------------
     0 | D:1      | ozpin88 the Gargoyle Berserker began the quest for the Orb.
     0 | D:1      | Reached XP level 1. HP: 14/14 MP: 1/1
   139 | D:1      | Reached XP level 2. HP: 9/20 MP: 2/2
   650 | D:1      | Found a sparkling altar of Nemelex Xobeh.
   735 | D:1      | Reached skill level 4 in Fighting
   735 | D:1      | Reached XP level 3. HP: 22/24 MP: 3/3
  1207 | D:2      | Reached ** piety under Trog
  1267 | D:2      | Reached XP level 4. HP: 23/29 MP: 4/4
  1714 | D:2      | Reached skill level 1 in Axes
  1714 | D:2      | Reached XP level 5. HP: 12/34 MP: 5/5
  1735 | D:2      | HP: 1/51 [acid (3)]
  1735 | D:2      | Slain by a jelly

Vault maps used:
D:1:      saegor_arrival_simple_c, minmay_misc_feat_encased,
          nemelex_xobeh_ov_fountains_minmay
D:2:      cheibrodos_fertilizer, first_ration, uniq_natasha

Skill      XL: |  1  2  3  4  5 |
---------------+----------------+-----
Fighting       | 4 |  4.5
Dodging        | 2 |  2.2
Axes           | 1 2 |  2.0
Maces & Flails | |  3.7
Armour         | |  2.4
Stealth        | |  0.2

Action                   |  1- 3 |  4- 6 || total
-------------------------+-------+-------++-------
Melee: Mace              |    46 |       ||    46
       Hand axe          |    31 |    71 ||   102
Invok: Berserk           |     1 |     2 ||     3
       Trog's Hand       |       |     2 ||     2
  Use: Potion            |       |     1 ||     1
 Stab: Sleeping          |     1 |       ||     1
  Eat: Chunk             |     2 |     1 ||     3
       Ration            |       |     1 ||     1
Armor: Animal skin       |    20 |       ||    20
       Ring mail         |     5 |    35 ||    40
Dodge: Dodged            |    62 |    53 ||   115

Table legend:
 A = Non-vault XP
 B = Vault XP
 C = Vault XP percentage of total XP
 D = Non-vault monster count
 E = Vault monster count
 F = Vault count percentage of total count
                 A         B        C        D         E       F
            +---------+---------+-------+---------+---------+-------
      Total |     112 |     115 |  50.7 |      31 |      11 |  26.2
            +---------+---------+-------+---------+---------+-------
        D:1 |      39 |       0 |   0.0 |      13 |       0 |   0.0
        D:2 |      73 |     115 |  61.2 |      18 |      11 |  37.9
            +---------+---------+-------+---------+---------+-------
